 Dungeon Crawl Stone Soup version 0.29-a0-322-g68df515428 (webtiles) character file.

Game seed: 7157422945319559010

37 BritishOli the Skirmisher (level 3, -5/29 HPs)
             Began as a Demonspawn Monk on Apr 9, 2022.
             Slain by a worm (8 damage)
             ... on level 2 of the Dungeon.
             The game lasted 00:01:05 (1553 turns).

BritishOli the Skirmisher (Demonspawn Monk)         Turns: 1553, Time: 00:01:06

Health: -5/29      AC:  2    Str: 13    XL:     3   Next: 23%
Magic:  3/3        EV: 10    Int: 11    God:
Gold:   76         SH:  0    Dex: 15    Spells: 2/2 levels left

rFire   . . .      SeeInvis .   a - +0 falchion
rCold   . . .      Faith    .   (no shield)
rNeg    . . .      Spirit   .   b - +0 robe
rPois   .          Reflect  .   (no helmet)
rElec   .          Harm     .   (no cloak)
rCorr   .          Rampage  .   (no gloves)
Will    .....                   (no boots)
Stlth   ++........              (no amulet)
HPRegen 0.09/turn               (no ring)
MPRegen 0.08/turn               (no ring)

@: constricted
A: weakness stinger 1
a: no special abilities


You were on level 2 of the Dungeon.
You visited 1 branch of the dungeon, and saw 2 of its levels.

You collected 76 gold pieces.

Inventory:

Hand Weapons
 a - a +0 falchion (weapon)
Armour
 b - a +0 robe (worn)
Scrolls
 d - a scroll of torment {unknown}
 e - 3 scrolls of teleportation {unknown}
 i - 2 scrolls of fog {unknown}
 j - a scroll of identify {unknown}
Potions
 c - 3 potions of ambrosia
 f - a potion of might {unknown}
 g - a potion of heal wounds {unknown}
 h - 2 potions of lignification {unknown}


   Skills:
 + Level 3.3 Fighting
 + Level 3.0 Long Blades
 + Level 3.1 Dodging
 + Level 2.3 Stealth


You had 2 spell levels left.
You didn't know any spells.
Your spell library was empty.

Dungeon Overview and Level Annotations

Branches:
Dungeon (2/15)

Altars:


Innate Abilities, Weirdness & Mutations

You have a small tail.


Message History

You kill the bat!
The goblin hits you with a +0 club.
You hit the goblin.
The goblin is moderately wounded.
The giant cockroach closely misses you. The goblin misses you.
The ball python closely misses you. The ball python barely misses you.
The giant cockroach closely misses you.
You miss the goblin.
The goblin is moderately wounded.
The ball python bites you. The ball python barely misses you.
The giant cockroach misses you. The goblin misses you.
You barely miss the goblin.
The goblin is moderately wounded.
The ball python completely misses you. The ball python barely misses you.
The giant cockroach misses you. The goblin barely misses you.
The ball python closely misses you. The ball python misses you.
The giant cockroach bites you but does no damage.
You slash the goblin!
You kill the goblin!
The kobold barely misses you. The ball python misses you.
The ball python grabs you. The ball python constricts you.
The giant cockroach bites you.
You closely miss the ball python. The kobold closely misses you.
The ball python bites you but does no damage.
The ball python constricts you. The giant cockroach bites you.
The worm bites you! The kobold completely misses you.
You closely miss the ball python.
Your tail-slap misses the ball python.
The ball python bites you. The ball python constricts you.
The giant cockroach bites you but does no damage.
The ball python bites you. The ball python constricts you. The worm bites you!
* * * LOW HITPOINT WARNING * * *
The kobold hits you but does no damage. The giant cockroach barely misses you.
You are too injured to fight recklessly!
You are too injured to fight recklessly!
You hit the ball python.
The ball python is severely wounded.
The ball python closely misses you. The ball python constricts you.
The giant cockroach bites you but does no damage.
The kobold misses you. The worm bites you!
You die...

#<# S...) #.# .K....
..#####.## ......
#........######......
.....................
#
######.#..............
#.#..###.#####.#
#)#..##.#S....#...
#.#..#..K@w......#
#.#...#.)B......#.
#.#..#...........#
....#.....≈.....#
.#..#....≈.≈....# #
#....≈_≈....#
#.....≈.....#
.#.........#.


You could see a worm, a giant cockroach, a ball python and a kobold.

Vanquished Creatures
  A dart slug (D:1)
  5 endoplasms (D:1)
  A giant cockroach (D:1)
  4 goblins
  5 hobgoblins (D:1)
  2 quokkas (D:1)
  2 ball pythons (D:1)
  5 bats
  A frilled lizard (D:1)
  4 kobolds (D:1)
30 creatures vanquished.

Notes
Turn   | Place    | Note
-------+----------+-------------------------------------------
     0 | D:1      | BritishOli the Demonspawn Monk began the quest for the Orb.
     0 | D:1      | Reached XP level 1. HP: 18/18 MP: 1/1
   389 | D:1      | Gained mutation: You have a small tail. [demonic ancestry]
   389 | D:1      | Reached XP level 2. HP: 18/24 MP: 2/2
  1154 | D:1      | Reached XP level 3. HP: 25/29 MP: 3/3
  1541 | D:2      | Found a faded altar of an unknown god.
  1553 | D:2      | Slain by a worm

Illustrated notes

Levels and vault maps discovered:
D:1:      scummos_arrival_forest, layout_basic, minmay_misc_feat_rows,
          dreamdust_princess_corridor, minmay_heptomino_o4
D:2:      layout_loops_ring, shapermc_ecumenical_altar_starsandcircs,
          chequers_serial_rivers_marsh, dk_noncrumbling_4, corexii_corridor_pit,
          guppyfry_early_orc_mine

Skill      XL: |  1  2 |
---------------+-------+-----
Stealth        | 2 |  2.3
Dodging        | 3 |  3.1
Long Blades    | 3 |  3.0
Fighting       | |  3.3

Action                   || total
-------------------------++-------
Melee: Falchion          ||    95
       Tailslap          ||     3
 Stab: Sleeping          ||     4
Armor: Robe              ||    20
Dodge: Dodged            ||    87

Table legend: (Time is in decaauts)
 A = Elapsed time spent in this place.
 B = Non-inter-level travel time spent in this place.
 C = Inter-level travel time spent in this place.
 D = Time resting spent in this place.
 E = Time spent auto-exploring this place.
 F = Levels seen in this place.
 G = Mean time per level.
                   A        B        C        D        E       F      G
               +--------+--------+--------+--------+--------+-----+--------+
         Total |   1568 |   1543 |     25 |      0 |   1302 |   2 |  784.0 |
       Dungeon |   1568 |   1543 |     25 |      0 |   1302 |   2 |  784.0 |
               +--------+--------+--------+--------+--------+-----+--------+

Top non-repeatable levels by time:
     D:1: 1522 daAuts
     D:2: 45 daAuts
